 Dungeon Crawl Stone Soup version 0.29.1-15-g9cfb28693d (webtiles) character file.

Game seed: 13541117124119485708

619 MacCMillion the Cutter (level 7, -4/35 HPs)
             Began as a Vine Stalker Fighter on Feb 27, 2023.
             Killed from afar by Dowan (6 damage)
             ... with a puff of frost
             ... on level 3 of the Dungeon.
             The game lasted 00:07:14 (3584 turns).

MacCMillion the Cutter (Vine Stalker Fighter)       Turns: 3584, Time: 00:07:15

Health: -4/35      AC:  7    Str: 21    XL:     7   Next: 46%
Magic:  0/8        EV:  9    Int:  8    God:
Gold:   161        SH:  5    Dex: 13    Spells: 6/6 levels left

rFire   . . .      SeeInvis .   a - +0 rapier
rCold   . . .      Faith    .   c - +0 buckler
rNeg    . . .      Spirit   +   b - +0 scale mail
rPois   .          Reflect  .   (no helmet)
rElec   .          Harm     .   (no cloak)
rCorr   .          Rampage  .   (no gloves)
Will    .....                   g - +0 pair of boots
Stlth   ..........              (no amulet)
HPRegen 0.91/turn               (no ring)
MPRegen 0.11/turn               (no ring)

@: no status effects
A: fangs 2, regeneration 1, magic shield, antimagic bite, no potion heal 2
a: no special abilities


You were on level 3 of the Dungeon.
You visited 1 branch of the dungeon, and saw 6 of its levels.

You collected 161 gold pieces.

Inventory:

Hand Weapons
 a - a +0 rapier (weapon)
Missiles
 m - 2 boomerangs (quivered)
Armour
 b - a +0 scale mail (worn)
 c - a +0 buckler (worn)
 g - a +0 pair of boots (worn)
Jewellery
 f - a ring of poison resistance
Scrolls
 e - 2 scrolls of blinking {unknown}
 i - a scroll of summoning {unknown}
 j - a scroll of fog
 k - 4 scrolls of poison {unknown}
 n - a scroll of teleportation
 p - a scroll of vulnerability
Potions
 d - a potion of might
 h - a potion of haste
 l - a potion of ambrosia {unknown}
 o - a potion of heal wounds


   Skills:
 - Level 2.8 Fighting
 + Level 6.6 Short Blades
 - Level 2.5 Armour
 - Level 4.0 Shields


You had 6 spell levels left.
You didn't know any spells.
Your spell library contained the following spells:

 Spells                   Type           Power      Damage    Failure   Level
 Apportation              Tloc           0%         N/A       83%         1
 Alistair's Intoxication  Tmut/Pois      0%         N/A       100%        5


Dungeon Overview and Level Annotations

Branches:
Dungeon (6/15)
 Temple: D:4-7

Altars:

Shops:
D:5 (

Annotations:
D:3 Dowan, Duvessa
D:5 Sigmund


Innate Abilities, Weirdness & Mutations

You have extremely sharp teeth.
Your natural rate of healing is unusually fast.
When hurt, damage is shared between your health and your magic reserves.
Your bite disrupts and absorbs the magic of your enemies.
Potions cannot restore your health.


Message History

You hit Duvessa but do no damage. You bite Duvessa, but do no damage.
Duvessa is lightly wounded.
Dowan closely misses you. Duvessa hits you but does no damage.
You hit Duvessa but do no damage. You bite Duvessa, but do no damage.
Duvessa is lightly wounded.
Dowan hits you with a +0 dagger. Duvessa hits you with a +0 short sword.
You hit Duvessa. You bite Duvessa, but do no damage.
Duvessa is moderately wounded.
You block Dowan's attack. You block Duvessa's attack.
You hit Duvessa.
Duvessa is heavily wounded.
Dowan hits you but does no damage. You block Duvessa's attack.
You hit Duvessa. You bite Duvessa. You drain her power.
You feel invigorated.
Duvessa is severely wounded.
Dowan hits you but does no damage. Duvessa hits you with a +0 short sword.
* * * LOW HITPOINT WARNING * * *
You barely miss Duvessa.
Duvessa is severely wounded.
Dowan hits you with a +0 dagger.
* * * LOW HITPOINT WARNING * * *
Duvessa hits you but does no damage.
You hit Duvessa. You bite Duvessa, but do no damage.
Duvessa is almost dead.
Dowan barely misses you. Duvessa barely misses you.
You barely miss Duvessa. Your bite misses Duvessa.
Duvessa is almost dead.
Dowan hits you but does no damage. Duvessa barely misses you.
You hit Duvessa. You bite Duvessa, but do no damage.
Duvessa is almost dead.
You hit Duvessa but do no damage. You bite Duvessa, but do no damage.
Duvessa is almost dead.
Dowan gestures at you while chanting. The puff of flame hits you!
* * * LOW HITPOINT WARNING * * *
Duvessa hits you but does no damage.
You hit Duvessa but do no damage. You bite Duvessa, but do no damage.
Duvessa is almost dead.
Dowan gestures at you while chanting. The puff of frost hits you!
You die...

............#..#.# ########)###
............#..#.# #.....##.#
.......##...#..#.#####.....'..#
.......##.#.#..#.##..†.....####
#########.#..[.#.##)##.....#
#.#..#.#.#..##.....#
..#...<..#.###.....#
#######.ee.# #.....#
........@### ####### ########.#
#.# ..# ###


You could see Duvessa and Dowan.

Vanquished Creatures
  A water moccasin (D:6)
  An ogre (D:4)
  A phantom (D:5)
  A scorpion (D:4)
  A hound (D:4)
  A jelly (D:4)
  3 orc priests (D:6)
  An orc wizard (D:6)
  3 gnolls (D:4)
  3 adders
  A worm (D:2)
  2 dart slugs
  3 orcs
  4 ball pythons
  5 endoplasms
  4 giant cockroaches
  4 goblins
  5 hobgoblins
  3 jackals (D:1)
  10 kobolds
  A quokka (D:2)
  6 bats
  5 frilled lizards
  6 rats
75 creatures vanquished.

Vanquished Creatures (others)
  A goblin (D:4)
1 creature vanquished.

Grand Total: 76 creatures vanquished

Notes
Turn   | Place    | Note
-------+----------+-------------------------------------------
     0 | D:1      | MacCMillion the Vine Stalker Fighter began the quest for
                  | the Orb.
     0 | D:1      | Reached XP level 1. HP: 11/11 MP: 2/2
   386 | D:1      | Reached XP level 2. HP: 15/16 MP: 3/3
   421 | D:1      | Reached skill level 2 in Short Blades
   677 | D:1      | Found a faded altar of an unknown god.
   860 | D:2      | Reached XP level 3. HP: 19/19 MP: 4/4
  1615 | D:3      | Gained mutation: Your natural rate of healing is unusually
                  | fast. [Vine Stalker growth]
  1615 | D:3      | Reached XP level 4. HP: 23/23 MP: 5/5
  1679 | D:3      | Reached skill level 3 in Short Blades
  2282 | D:3      | You fall into a shaft and drop 3 floors!
  2295 | D:6      | Noticed a water moccasin
  2306 | D:6      | Killed a water moccasin
  2307 | D:6      | Reached skill level 4 in Short Blades
  2307 | D:6      | Reached XP level 5. HP: 5/28 MP: 6/6
  2361 | D:6      | Reached XP level 6. HP: 15/32 MP: 4/7
  2371 | D:6      | Reached skill level 5 in Short Blades
  2432 | D:5      | Entered Level 5 of the Dungeon
  2432 | D:5      | Found Ludagaru's Weapon Shoppe.
  2471 | D:5      | Noticed Sigmund
  2574 | D:4      | Reached XP level 7. HP: 14/35 MP: 8/8
  2744 | D:4      | Reached skill level 6 in Short Blades
  3544 | D:4      | Noticed Duvessa
  3544 | D:4      | Noticed Dowan
  3583 | D:3      | HP: 1/35 [Dowan/puff of flame (10)]
  3584 | D:3      | Killed from afar by Dowan

Illustrated notes

Levels and vault maps discovered:
D:1:      ebering_trefoil_twist, layout_basic,
          hellmonk_ecumenical_altar_inner_sanctum, st_stairs_10
D:2:      layout_loops_ring
D:3:      layout_basic
D:4:      layout_layer_cave, lemuel_temple_firewalk_a, uniq_duvessa
D:5:      minmay_clustersquares, layout_basic, mainiacjoe_overflow_24_doors,
          serial_shops, nicolae_shop_bloodbath_and_beyond,
          hangedman_abyss_or_decor_slice, kennysheep_small_spiral,
          minmay_pentangle, uniq_sigmund, uniq_pikel, uniq_crazy_yiuf_cottage,
          uniq_grinder
D:6:      layout_gridville, tso_metal_star

Skill      XL: |  1  2  3  4  5  6  7 |
---------------+----------------------+-----
Short Blades   | 2 4 5 6 |  6.6
Shields        | 3 4 |  4.0
Fighting       | |  2.8
Armour         | |  2.5

Action                   |  1- 3 |  4- 6 |  7- 9 || total
-------------------------+-------+-------+-------++-------
Melee: Rapier            |   108 |   108 |    60 ||   276
       Bite              |    25 |    23 |    24 ||    72
  Use: Scroll            |       |     7 |       ||     7
       Potion            |       |     3 |       ||     3
Armor: Scale mail        |    45 |    40 |    19 ||   104
Dodge: Dodged            |    52 |    33 |    23 ||   108
Block: Buckler           |    17 |    17 |    10 ||    44
